 Dungeon Crawl Stone Soup version 0.26-a0-971-g1d9d62bb61 (webtiles) character file.

Game seed: 13277434509663145823

317 dickylongcocking the Tainter (level 6, -1/50 HPs)
             Began as a Naga Venom Mage on Dec 4, 2020.
             Slain by Duvessa
             ... wielding a +0 short sword
              (3 damage)
             ... on level 4 of the Dungeon.
             The game lasted 00:03:39 (4284 turns).

dickylongcocking the Tainter (Naga Venom Mage)      Turns: 4284, Time: 00:03:40

Health: -1/50      AC:  3    Str: 11    XL:     6   Next: 45%
Magic:  1/9        EV: 10    Int: 17    God:
Gold:   191        SH:  0    Dex: 11    Spells: 1/9 levels left

rFire    . . .     SeeInvis +   t - +4 mace
rCold    + . .     Faith    .   (no shield)
rNeg     . . .     Spirit   .   a - +0 robe
rPois    +         Reflect  .   (no helmet)
rElec    .         Harm     .   (no cloak)
rCorr    .         Rampage  .   (no gloves)
MR       .....                  (no barding)
Stlth    ++........             (no amulet)
HPRegen  0.16/turn              w - ring of protection from cold
MPRegen  0.11/turn              (no ring)

@: attractive, hasted, quick
A: large, see invisible, deformed body, poison resistance, slowness 2, spit
poison 1, AC +2
a: Spit Poison


You were on level 4 of the Dungeon.
You visited 1 branch of the dungeon, and saw 4 of its levels.

You collected 191 gold pieces.

Inventory:

Hand Weapons
 c - a +0 short sword
 l - a +0 whip
 o - a +0 dagger of draining
 t - a +4 mace (weapon)
Armour
 a - a +0 robe (worn)
 m - a +0 kite shield
Jewellery
 w - a ring of protection from cold (left hand)
Scrolls
 d - 2 scrolls of fear {unknown}
 e - a scroll of immolation {unknown}
 f - 3 scrolls of enchant weapon {unknown}
 h - a scroll of fog {unknown}
 k - 2 scrolls of remove curse {unknown}
 n - a scroll of identify {unknown}
 r - 3 scrolls of teleportation {unknown}
 s - 2 scrolls of noise {unknown}
Potions
 b - a potion of invisibility {unknown}
 g - a potion of mutation {unknown}
 j - a potion of attraction
 p - a potion of haste
 q - 4 potions of degeneration {unknown}
 u - a potion of ambrosia {unknown}
 v - a potion of berserk rage {unknown}


   Skills:
 - Level 0.8 Fighting
 - Level 0.1 Maces & Flails
 - Level 1.5 Dodging
 - Level 3.0 Stealth
 + Level 2.2 Spellcasting
 - Level 1.0 Transmutations
 * Level 9.0 Poison Magic


You had one spell level left.
You knew the following spells:

 Your Spells              Type           Power        Failure   Level
a - Sting                 Tmut/Pois      ###.         2%          1
b - Olgreb's Toxic Radia  Pois           ####....     4%          4
c - Ignite Poison         Fire/Tmut/Pois ##......     14%         3

Your spell library contained the following spells:

 Spells                   Type           Power        Failure   Level
 Poisonous Vapours        Pois/Air       ###...       4%          2
 Mephitic Cloud           Conj/Pois/Air  ##......     17%         3


Dungeon Overview and Level Annotations

Branches:
Dungeon (4/15)
 Temple: D:4-7

Altars:
Qazlal
Ru

Annotations:
D:4 Duvessa


Innate Abilities, Weirdness & Mutations

You cannot wear boots.
Your serpentine skin is tough. (AC +2)
You have supernaturally acute eyesight. (SInv)
Armour fits poorly on your strangely shaped body.
Your system is resistant to poisons. (rPois)
You cover ground very slowly.
You can spit poison.


Message History

Duvessa barely misses you. Duvessa hits you with a +0 short sword!
It was a potion of attraction.
You feel attractive to monsters. Duvessa hits you with a +0 short sword!
Unknown command.
It was a potion of haste.
You feel yourself speed up. Duvessa hits you with a +0 short sword!
* * * LOW HITPOINT WARNING * * *
Duvessa hits you with a +0 short sword.
* * * LOW HITPOINT WARNING * * *
Unknown command.
Unknown command.
Duvessa is pulled toward you! Duvessa hits you with a +0 short sword!
* * * LOW HITPOINT WARNING * * *
Found 18 stones.
Unknown command.
Duvessa is pulled toward you! Duvessa hits you with a +0 short sword.
* * * LOW HITPOINT WARNING * * *
Duvessa hits you with a +0 short sword.
You die...

## # #### #...
######.
#.##.)....#
##.e.##
#.@#..###
#......####..###
#####.(
###..#########
#..#
##.......... #.#
#...#####.. .#
#...# ##.. ..
#..## ##... #.
##.# #.... #.#
##....


You could see Duvessa (berserk, fast, very poisoned).

Vanquished Creatures
  Dowan (D:4)
  Jessica (D:2)
  A worker ant (D:4)
  Terence (D:2)
  7 gnolls
  6 adders
  An ooze (D:2)
  2 worms
  A leopard gecko (D:1)
  An orc (D:3)
  3 ball pythons
  7 bats
  5 giant cockroaches
  6 goblins
  9 hobgoblins
  11 kobolds
  5 frilled lizards
  5 rats
73 creatures vanquished.

Vanquished Creatures (others)
  A quokka (D:4)
1 creature vanquished.

Grand Total: 74 creatures vanquished

Notes
Turn   | Place    | Note
-------+----------+-------------------------------------------
     0 | D:1      | dickylongcocking the Naga Venom Mage began the quest for
                  | the Orb.
     0 | D:1      | Reached XP level 1. HP: 15/15 MP: 3/3
   485 | D:1      | Reached XP level 2. HP: 22/22 MP: 5/5
   692 | D:1      | Reached skill level 5 in Poison Magic
   930 | D:1      | Reached XP level 3. HP: 26/28 MP: 3/6
  1509 | D:2      | Reached skill level 6 in Poison Magic
  1518 | D:2      | Reached XP level 4. HP: 28/36 MP: 0/7
  1998 | D:2      | Noticed Terence
  2008 | D:2      | Killed Terence
  2009 | D:2      | Reached skill level 7 in Poison Magic
  2087 | D:2      | Reached XP level 5. HP: 36/42 MP: 1/8
  2183 | D:2      | Noticed Jessica
  2195 | D:2      | Killed Jessica
  2782 | D:2      | Found a stormy altar of Qazlal.
  3253 | D:3      | Reached skill level 8 in Poison Magic
  3404 | D:3      | Reached XP level 6. HP: 50/50 MP: 7/9
  3784 | D:3      | Learned a level 4 spell: Olgreb's Toxic Radiance
  3788 | D:3      | Learned a level 3 spell: Ignite Poison
  4143 | D:4      | Found a sacrificial altar of Ru.
  4273 | D:4      | Noticed Dowan
  4274 | D:4      | Noticed Duvessa
  4279 | D:4      | Killed Dowan
  4280 | D:4      | Reached skill level 9 in Poison Magic
  4284 | D:4      | HP: 2/50 [Duvessa/+0 short sword (4)]
  4284 | D:4      | Slain by Duvessa

Illustrated notes

Levels and vault maps discovered:
D:1:      lemuel_arrival_tunnels, layout_basic
D:2:      minmay_wonky_spiral, layout_basic, overflow_temple_1_default,
          serial_aquarium, aquarium_bridge_straight [aquarium_subvault_bridge,
          aquarium_subvault_window, aquarium_subvault_bridge,
          aquarium_subvault_balcony], aquarium_bridge_island_small
          [aquarium_subvault_small_open, aquarium_subvault_balcony,
          aquarium_subvault_bridge, aquarium_subvault_bridge,
          aquarium_subvault_balcony], aquarium_window_2, aquarium_window_fake,
          aquarium_view_2f, uniq_jessica, uniq_terence
D:3:      layout_basic
D:4:      layout_cave_pods, elyvilon_altar_4, general_overflow_altar,
          minmay_temple_entry_antechambers, uniq_duvessa

Skill      XL: |  1  2  3  4  5  6 |
---------------+-------------------+-----
Poison Magic   | 5 6 7 8 9 |  9.0
Fighting       | |  0.8
Maces & Flails | |  0.1
Dodging        | |  1.5
Stealth        | |  3.0
Spellcasting   | |  2.2
Transmutations | |  1.0

Action                   |  1- 3 |  4- 6 || total
-------------------------+-------+-------++-------
Melee: Unarmed           |     6 |       ||     6
       Whip              |     3 |     2 ||     5
       Dagger            |       |    31 ||    31
       Mace              |       |    18 ||    18
 Cast: Sting             |    34 |    59 ||    93
       Olgreb's Toxic Ra |       |     2 ||     2
 Abil: Spit Poison       |    25 |    24 ||    49
  Use: Potion            |       |     3 ||     3
 Stab: Sleeping          |       |     4 ||     4
Armor: Robe              |     3 |    15 ||    18
Dodge: Dodged            |    12 |    54 ||    66

Table legend: (Time is in decaauts)
 A = Elapsed time spent in this place.
 B = Non-inter-level travel time spent in this place.
 C = Inter-level travel time spent in this place.
 D = Time resting spent in this place.
 E = Time spent auto-exploring this place.
 F = Levels seen in this place.
 G = Mean time per level.
                   A        B        C        D        E       F      G
               +--------+--------+--------+--------+--------+-----+--------+
         Total |   5260 |   5132 |    128 |    278 |   4273 |   4 | 1315.0 |
       Dungeon |   5260 |   5132 |    128 |    278 |   4273 |   4 | 1315.0 |
               +--------+--------+--------+--------+--------+-----+--------+

Top non-repeatable levels by time:
     D:1: 1799 daAuts
     D:2: 1749 daAuts
     D:3: 1403 daAuts
     D:4: 307 daAuts
